AoeStats
← Niko0

Arabia

509983429Analyzed
1v1 RM · 2d ago on Sep 28, 2026· 65m 10s· 2 players
Game mode
Random Map
Map size
Tiny (2 player)
Population
200
Speed
Normal
Resources
Standard
Victory
Conquest
Starting age
Dark Age
Ending age
Imperial Age
RankedLock teamsTeams togetherTeam positionsShared explorationLock speedFull tech treeHidden civsTurbo modeCheats
Victory
Defeat
🇦🇷 Byzantines · Argentina
921
+15
🇦🇷 Burmese · Argentina
906
-15
Niko0
10:34 Feudal Age
11:50 Horse Collar
12:20 Loom
15:47 Forging
21:35 Castle Age
22:58 Elite Skirmisher
23:32 Pikeman
24:13 Squires
24:58 Padded Archer Armor
28:09 Husbandry
28:21 Bloodlines
30:04 Wheelbarrow
29:41 Fletching
31:21 Ballistics
33:13 Gold Mining
35:42 Manipur Cavalry
35:47 Arson
39:49 Imperial Age
37:21 Town Watch
38:38 Gold Shaft Mining
38:53 Bodkin Arrow
39:04 Stone Mining
41:20 Halberdier
42:07 Elite Arambai
43:24 Elite Battle Elephant
45:08 Scale Barding Armor
45:40 Iron Casting
46:26 Scale Barding Armor
48:00 Heavy Plow
48:28 Chain Barding Armor
50:42 Conscription
54:50 Crop Rotation
54:24 Crossbowman
56:10 Blast Furnace
55:12 Bracer
56:50 Chemistry
58:40 Hand Cart
57:59 Cavalier
nahuelleonori
5:51 Loom
10:23 Feudal Age
11:13 Double-Bit Axe
14:25 Forging
21:42 Castle Age
19:57 Fletching
21:16 Scale Barding Armor
21:12 Padded Archer Armor
21:55 Elite Skirmisher
24:21 Bow Saw
23:48 Crossbowman
25:03 Husbandry
26:33 Horse Collar
31:31 Pikeman
35:08 Chain Barding Armor
34:44 Bodkin Arrow
35:25 Iron Casting
35:05 Leather Archer Armor
35:16 Thumb Ring
35:43 Greek Fire
39:40 Imperial Age
40:08 Squires
42:30 Chemistry
42:32 Halberdier
43:53 Heavy Camel Rider
45:01 Halberdier
47:12 Bracer
47:48 Plate Barding Armor
47:43 Ring Archer Armor
50:35 Scale Mail Armor
50:37 Heavy Plow
55:56 Logistica
56:23 Hoardings
55:10 Elite Cataphract
65:28 Chain Mail Armor
Connection lost

Rejoining the realm…

Still unreachable

The connection could not be restored.

Session expired

The server has moved on; the page needs a fresh start.